 Dungeon Crawl Stone Soup version 0.18.1-50-g88ac8fd (webtiles) character file.

101951 Krapule the Protected (level 16, -6/104 HPs)
             Began as a Gargoyle Fighter on Sept 30, 2016.
             Was the Champion of Zin.
             Mangled by a tarantella (11 damage)
             ... on level 2 of the Spider Nest on Oct 2, 2016.
             The game lasted 02:37:42 (36014 turns).

Krapule the Protected (Gargoyle Fighter)           Turns: 36014, Time: 02:37:44

Health: -6/104     AC: 11    Str: 23    XL:     16   Next: 31%
Magic:  28/28      EV:  6    Int: 13    God:    Zin [******]
Gold:   1402       SH: 15    Dex:  9    Spells: 2 memorised, 27 levels left

rFire  . . .     SeeInvis .     a - +4 morningstar (flame)
rCold  + . .     Gourm    .     U - +0 plate armour {rC+}
rNeg   + . .     Faith    .     E - +0 shield {rPois}
rPois  ∞         Spirit   .     y - +0 helmet
rElec  +         Dismiss  .     s - +2 cloak
rCorr  .         Reflect  +     t - +0 pair of gloves
SustAt .         Harm     .     K - +0 pair of boots
MR     +....                    o - +2 amulet of reflection
Stlth  ..........               k - +4 ring of protection
                                H - +4 ring of evasion

@: corroded, flying, somewhat resistant to hostile enchantments, extremely
unstealthy
A: big wings, negative energy resistance 1, electricity resistance, unbreathing,
petrification resistance, rot immunity, AC +11
a: Stop Flying, Recite, Vitalisation, Imprison, Sanctuary, Donate Gold, Cure All
Mutations, Renounce Religion


You were on level 2 of the Spider Nest.
You worshipped Zin.
Zin was exalted by your worship.
You were not hungry.

You visited 5 branches of the dungeon, and saw 25 of its levels.
You visited 1 bazaar.
You also visited: Bailey and Volcano.

You collected 2326 gold pieces.
You spent 713 gold pieces at shops.
You donated 211 gold pieces to Zin.

Inventory:

Hand Weapons
 a - a +4 morningstar of flaming (weapon)
 b - the +3 hand crossbow "Tunnitez" {elec, rF+}
   (You bought it in a shop in a bazaar)

   It charges the ammunition it shoots with electricity; occasionally upon a
   hit, such missiles may discharge and cause terrible harm.
   It protects you from fire.
 q - the +0 flail of Qedasaik {venom, *Corrode rElec MR+}
   (You found it on level 1 of the Spider Nest)

   It poisons the flesh of those it strikes.
   It insulates you from electricity.
   It affects your resistance to hostile enchantments.
   It may corrode you when you take damage.
 D - a +1 morningstar of holy wrath
Missiles
 j - 61 bolts
 v - 2 throwing nets (quivered)
Armour
 s - a +2 cloak (worn)
 t - a +0 pair of gloves (worn)
 y - a +0 helmet (worn)
 E - a +0 shield of poison resistance (worn)
 K - a +0 pair of boots (worn)
 U - a +0 plate armour of cold resistance (worn)
Magical Staves
 T - an uncursed staff of conjuration
Jewellery
 k - a +4 ring of protection (right hand)
 o - a +2 amulet of reflection (around neck)
 G - an uncursed ring of positive energy
 H - a +4 ring of evasion (left hand)
 N - an uncursed ring of see invisible
 W - an uncursed ring of protection from magic
Wands
 m - a wand of flame (19/48)
 I - a wand of digging (0/24)
 J - a wand of teleportation (0/9)
 O - a wand of hasting (1/9)
 V - a wand of disintegration (0/24)
Scrolls
 e - 6 scrolls of teleportation
 g - 5 scrolls of blinking
 i - 5 scrolls of fear
 r - 6 scrolls of remove curse
 x - 7 scrolls of magic mapping
 C - a scroll of enchant armour
 P - 2 scrolls of immolation
 Q - 4 scrolls of fog
Potions
 c - 3 potions of cancellation
 h - 4 potions of curing
 l - a potion of might
 n - a potion of magic {unknown}
 p - a potion of cure mutation
 w - 5 potions of agility
 A - 5 potions of berserk rage
 B - a potion of invisibility {unknown}
 F - 6 potions of flight {unknown}
 S - 4 potions of haste
 Y - a potion of brilliance
Books
 M - a book of Minor Magic

   Spells                             Type                      Level
   a - Magic Dart                     Conjuration                  1
   b - Blink                          Translocation                2
   c - Call Imp                       Summoning                    2
   d - Repel Missiles                 Charms/Air                   2
   e - Slow                           Hexes                        2
   f - Conjure Flame                  Conjuration/Fire             3
   g - Mephitic Cloud                 Conjuration/Poison/Air       3
Miscellaneous
 R - a crystal ball of energy
Comestibles
 d - 4 fruits
 f - 14 bread rations
 u - 10 royal jellies
 z - 7 meat rations


   Skills:
 + Level 13.3 Fighting
 - Level 9.0 Maces & Flails
 + Level 1.9 Crossbows
 + Level 13.4 Armour
 + Level 13.4 Shields
 - Level 8.0 Spellcasting
 + Level 8.9 Charms
 + Level 5.3 Air Magic
 - Level 12.0 Invocations


You had 27 spell levels left.
You knew the following spells:

 Your Spells              Type           Power        Failure   Level  Hunger
q - Swiftness             Chrm/Air       ###.....     14%         2    None
s - Repel Missiles        Chrm/Air       ###...       14%         2    None


Dungeon Overview and Level Annotations

Branches:
Dungeon (12/15)            Temple (1/1) D:5            Lair (8/8) D:10
 Shoals (0/4) Lair:5       Spider (2/4) Lair:4        Slime (0/6) Lair:8
    Orc (2/2) D:9             Elf (0/3) Orc:2

Altars:
Ashenzari
Cheibriados
Dithmenos
Elyvilon
Fedhas
Gozag
Kikubaaqudgha
Makhleb
Nemelex Xobeh
Okawaru
Pakellas
Qazlal
Ru
Sif Muna
Trog
Vehumet
Xom
Yredelemnul
Zin
The Shining One
Beogh
Jiyva

Shops:
D:5 [   D:9 ![?}   D:11 *   D:12 (   Orc:2 **%=

Annotations:
D:10 Josephine
Lair:8 1 runed door


Innate Abilities, Weirdness & Mutations

You are resistant to torment.
Your stone body is resilient (AC +11).
You are immune to poison.
Your large and strong wings let you fly indefinitely.
You resist negative energy.
You are resistant to electric shocks.
You can survive without breathing.
You are immune to petrification.
You are immune to rotting.


Message History

* * * LOW HITPOINT WARNING * * *
The jumping spider pounces on you but does no damage.
You block the jumping spider's attack. The hornet barely misses you.
The tarantella bites you.
* * * LOW HITPOINT WARNING * * *
The jumping spider leaps!
You block the hornet's attack.
The jumping spider leaps!
The jumping spider leaps!
You block the hornet's attack. The tarantella barely misses you.
The jumping spider leaps!
You block the hornet's attack. The tarantella barely misses you.
There is a stone staircase leading up here.
The hornet stings you!!
* * * LOW HITPOINT WARNING * * *
You block the tarantella's attack.
The entropy weaver casts a spell.
The entropic weave corrodes you! You block the jumping spider's attack.
The jumping spider bites you but does no damage.
The hornet completely misses you. The tarantella bites you!
You die...

.#..#............<............###
.#..#.........^...............###
.#..#..........................#.
#..#..#..(.......................
...#..^..........................
..#...........s..................
..#............p..#...........<##
##.............sys###...#....###
....#.).........@..###########
...##.#..........#.#
..#####.^..........# ###
###....##..### # ########.# ###


You could see an entropy weaver, a hornet, an orb spider, a jumping spider and a
tarantella.

Vanquished Creatures
  Rupert (Lair:5)
  An emperor scorpion (Spider:1)
  An orc warlord (D:9)
  A fire dragon (Lair:8)
  Snorg (D:11)
  10 hydras
  A catoblepas (Lair:8)
  Erica (Lair:1)
  A centaur warrior (D:8)
  An ogre mage (Orc:1)
  6 death yaks (Lair:8)
  6 orc high priests
  A tengu warrior (D:12)
  Nergalle (D:10)
  An unseen horror (D:10)
  A lindwurm (Lair:8)
  3 orc knights
  2 hill giants
  2 orb spiders (Spider:1)
  6 wolf spiders
  2 griffons
  A cyclops (D:10)
  An orc sorcerer (Orc:2)
  6 slime creatures (D:12)
  A manticore (Lair:5)
  A molten gargoyle (Volcano)
  3 black mambas
  19 elephants
  11 spiny frogs
  3 gargoyles
  5 torpor snails
  A smoke demon (Volcano)
  3 toenail golems (Volcano)
  14 komodo dragons
  5 centaur skeletons
  A rime drake (Lair:8)
  6 demonic crawlers
  A tengu conjurer (D:12)
  A queen bee (Lair:5)
  A red devil (Volcano)
  5 jumping spiders
  3 two-headed ogres
  9 polar bears
  4 trolls
  6 giant leeches (Lair:8)
  18 blink frogs
  Grinder (D:5)
  Sigmund (D:4)
  A spriggan (Lair:7)
  24 redbacks
  7 tarantellas
  A shadow (D:11)
  3 wraiths (D:10)
  6 basilisks
  2 fire bats (Volcano)
  2 wyverns
  49 yaks
  12 hippogriffs
  2 steam dragons (Lair:8)
  2 vampire mosquitoes (D:12)
  7 wargs
  23 water moccasins
  A hell hound (Volcano)
  9 porcupines
  3 swamp drakes (Lair:8)
  A black bear (shapeshifter) (D:8)
  27 orc warriors
  3 ice beasts
  16 ogres
  A necrophage (D:5)
  3 phantoms
  4 wasps
  6 centaurs
  18 wolves
  27 crocodiles
  The ghost of Krapule the Ruffian, an amateur VSMo (D:3)
  4 big kobolds
  16 giant frogs
  A water moccasin skeleton (D:11)
  7 scorpions
  6 jellies
  9 wights
  27 killer bees
  4 howler monkeys
  2 lava snakes (Volcano)
  7 crimson imps
  A gnoll shaman (D:7)
  2 giant frog zombies
  36 orc priests
  2 hounds
  2 giant frog skeletons (D:5)
  11 iguanas
  18 orc wizards
  2 killer bee zombies
  8 worker ants
  22 sheep
  A hound zombie (D:6)
  A hound skeleton (D:4)
  A worker ant zombie (D:5)
  11 adders
  4 gnolls (D:7)
  71 river rats
  3 shadow imps
  An ooze (D:4)
  An adder skeleton (D:4)
  23 worms
  A dart slug (D:2)
  2 giant geckos
  97 orcs
  6 giant cockroaches
  12 goblins
  4 hobgoblins
  14 jackals
  6 quokkas
  3 ball pythons
  12 bats
  A giant gecko skeleton (D:6)
  6 giant newts
  13 kobolds
  7 rats
  2 plants
932 creatures vanquished.

Vanquished Creatures (others)
  A cyclops (D:8)
  3 centaurs
  A crocodile (Lair:8)
  An orc wizard (Orc:1)
  An iguana (D:3)
  2 orcs (D:12)
  31 fungi
  25 plants
65 creatures vanquished.

Grand Total: 997 creatures vanquished

Notes
Turn   | Place    | Note
--------------------------------------------------------------
     0 | D:1      | Krapule the Gargoyle Fighter began the quest for the Orb.
     0 | D:1      | Reached XP level 1. HP: 14/14 MP: 1/1
   190 | D:1      | Reached XP level 2. HP: 16/19 MP: 2/2
   954 | D:2      | Reached XP level 3. HP: 19/23 MP: 3/3
  1390 | D:2      | Reached XP level 4. HP: 29/29 MP: 4/4
  1965 | D:3      | Noticed Krapule's ghost (amateur VSMo)
  1991 | D:3      | Killed Krapule's ghost
  1991 | D:3      | Reached XP level 5. HP: 32/34 MP: 5/5
  2267 | D:3      | Reached XP level 6. HP: 39/39 MP: 6/6
  2471 | D:3      | Reached skill level 5 in Armour
  2629 | D:3      | Found an ancient bone altar of Kikubaaqudgha.
  2690 | D:3      | Found an oddly glowing altar of Pakellas.
  2690 | D:3      | Noticed an orange crystal statue
  3002 | D:4      | Found a glowing silver altar of Zin.
  3035 | D:4      | Noticed Sigmund
  3058 | D:5      | Entered Level 5 of the Dungeon
  3058 | D:5      | Noticed a necrophage
  3072 | D:5      | Killed a necrophage
  3072 | D:5      | Reached skill level 5 in Fighting
  3090 | D:5      | Reached skill level 5 in Shields
  3090 | D:5      | Reached XP level 7. HP: 37/44 MP: 7/7
  3454 | D:4      | Killed Sigmund
  3489 | D:4      | Found a blossoming altar of Fedhas.
  4048 | D:5      | Reached skill level 1 in Spellcasting
  4206 | D:5      | Found a staircase to the Ecumenical Temple.
  4211 | Temple   | Entered the Ecumenical Temple
  4278 | D:5      | Reached XP level 8. HP: 50/51 MP: 9/9
  4290 | D:5      | Noticed Grinder
  4310 | D:5      | Paralysed by Grinder for 5 turns
  4317 | D:5      | Paralysed by Grinder for 5 turns
  4330 | D:5      | Killed Grinder
  4577 | D:5      | Found Naapes's Antique Armour Boutique.
  4585 | D:5      | Bought an encrusted scale mail for 216 gold pieces
  4595 | D:5      | Identified the +1 scale mail of Yjutyod {*Corrode MR+ Stlth+} (You bought it in a shop on level 5 of the Dungeon)
  4648 | D:5      | Found a shadowy altar of Dithmenos.
  5023 | D:5      | Found a sacrificial altar of Ru.
  5023 | D:5      | Found a basalt altar of Yredelemnul.
  5023 | D:5      | Found an opulent altar of Gozag.
  5087 | D:4      | Became a worshipper of Zin the Law-Giver
  5087 | D:4      | Reached * piety under Zin
  5249 | D:5      | Found a shimmering altar of Xom.
  5253 | D:5      | Found a radiant altar of Vehumet.
  5444 | D:6      | Reached skill level 1 in Invocations
  5549 | D:6      | Found an iron altar of Okawaru.
  5588 | D:6      | Reached skill level 5 in Maces & Flails
  5664 | D:6      | Found a shadowy altar of Dithmenos.
  6127 | D:7      | Found a snail-covered altar of Cheibriados.
  6256 | D:7      | Reached XP level 9. HP: 55/56 MP: 13/13
  6321 | D:7      | Reached ** piety under Zin
  6903 | D:8      | Noticed a gargoyle
  6973 | D:8      | Noticed a cyclops
  6979 | D:8      | Noticed a komodo dragon
  6985 | D:8      | Killed a cyclops
  7559 | D:8      | Killed a komodo dragon
  7566 | D:8      | Zin protects you from harm!
  7567 | D:8      | Reached XP level 10. HP: 6/63 MP: 16/16
  7883 | D:8      | Reached *** piety under Zin
  7996 | D:8      | Found a shattered altar of Ashenzari.
  7998 | D:8      | Noticed a gargoyle
  8025 | D:8      | Killed a gargoyle
  8032 | D:8      | Killed a gargoyle
  8307 | D:8      | Noticed a two-headed hydra
  8654 | D:8      | Killed a two-headed hydra
  8654 | D:8      | Reached skill level 5 in Invocations
  9097 | D:8      | Noticed a centaur warrior
  9115 | D:8      | Killed a centaur warrior
  9341 | D:9      | Found Vuwnid's Antique Armour Emporium.
  9500 | D:9      | Found Ibloal's Distillery.
  9574 | D:8      | Reached XP level 11. HP: 21/69 MP: 17/17
  9884 | D:9      | Found a staircase to the Orcish Mines.
  9888 | D:9      | Found Luatiq's Gadget Emporium.
  9899 | D:9      | Found Qypicoass's Magic Scroll Emporium.
 10288 | D:10     | Entered Level 10 of the Dungeon
 10294 | D:10     | Found a flagged portal.
 10309 | Bailey   | Entered a bailey
 10521 | Bailey   | Noticed an orc knight
 10522 | Bailey   | Noticed an orc knight
 10947 | Bailey   | Reached **** piety under Zin
 11113 | D:10     | Noticed an unseen horror
 11184 | D:10     | Killed an unseen horror
 11398 | D:10     | Learned a level 2 spell: Repel Missiles
 11401 | D:10     | Learned a level 2 spell: Swiftness
 11455 | D:10     | Found a sacrificial altar of Ru.
 11472 | D:10     | Found a staircase to the Lair.
 11583 | D:10     | Noticed Nergalle
 11587 | D:10     | Noticed a spectral orc warlord
 11589 | D:10     | Noticed Josephine
 11634 | D:11     | Noticed a cyclops
 11638 | D:11     | Noticed Snorg
 11649 | D:10     | Killed a cyclops
 12025 | D:10     | Found a bloodstained altar of Trog.
 12166 | D:10     | Killed Nergalle
 12166 | D:10     | Reached skill level 1 in Charms
 12166 | D:10     | Reached skill level 1 in Air Magic
 12538 | Lair:1   | Entered Level 1 of the Lair of Beasts
 12843 | Lair:1   | Found a dark tunnel.
 12846 | Lair:1   | Noticed Erica
 12853 | Volcano  | Entered a volcano
 13405 | Volcano  | Reached skill level 10 in Armour
 13509 | Volcano  | Found a radiant altar of Vehumet.
 13853 | Volcano  | Reached XP level 12. HP: 29/76 MP: 18/18
 14388 | Lair:1   | Killed Erica
 14621 | Lair:1   | Reached skill level 10 in Shields
 14763 | Lair:1   | Reached ***** piety under Zin
 14793 | Lair:1   | Reached skill level 10 in Fighting
 15578 | Lair:2   | Noticed an eight-headed hydra
 15591 | Lair:2   | Killed an eight-headed hydra
 15804 | Lair:2   | Noticed a seven-headed hydra
 15815 | Lair:2   | Killed a seven-headed hydra
 16448 | Lair:3   | Reached skill level 5 in Spellcasting
 16509 | Lair:3   | You fall through a shaft!
 16753 | Lair:4   | Reached XP level 13. HP: 81/83 MP: 20/20
 17167 | Lair:4   | Found a hole to the Spider Nest.
 18019 | Lair:5   | Noticed Rupert
 18029 | Lair:5   | Paralysed by Rupert for 6 turns
 18398 | Lair:5   | Found a staircase to the Shoals.
 18520 | Lair:5   | Paralysed by Rupert for 5 turns
 18855 | Lair:5   | Paralysed by Rupert for 2 turns
 18869 | Lair:5   | Paralysed by Rupert for 4 turns
 18877 | Lair:5   | Paralysed by Rupert for 2 turns
 18916 | Lair:5   | Killed Rupert
 18916 | Lair:5   | Reached skill level 5 in Charms
 20305 | Lair:6   | Got a transparent leather armour
 20340 | Lair:6   | Identified the cursed +1 leather armour "Jadubla" {rCorr Dex+2} (You found it on level 6 of the Lair of Beasts)
 20481 | Lair:6   | Gained mutation: Your large and strong wings let you fly indefinitely. [Gargoyle growth]
 20481 | Lair:6   | Reached XP level 14. HP: 86/90 MP: 23/23
 20949 | Lair:6   | Reached skill level 10 in Invocations
 22387 | Lair:8   | Entered Level 8 of the Lair of Beasts
 23364 | Lair:8   | Found a runed door.
 23845 | Lair:8   | HP: 1/92 [blink frog (8)]
 24208 | Lair:8   | Found a viscous altar of Jiyva.
 24226 | Lair:8   | Found a staircase to the Slime Pits.
 24412 | Lair:8   | Zin protects you from harm!
 24788 | Lair:8   | Reached XP level 15. HP: 79/96 MP: 26/26
 26350 | D:11     | Killed Snorg
 26403 | D:11     | Found Nearghad's General Store.
 27631 | D:12     | Found Fonkeytz's Antique Weapon Boutique.
 28221 | Orc:1    | Entered Level 1 of the Orcish Mines
 28224 | Orc:1    | Noticed an orc warlord
 28282 | D:9      | Killed an orc warlord
 28591 | Orc:1    | Found a roughly hewn altar of Beogh.
 28873 | Orc:2    | Entered Level 2 of the Orcish Mines
 29306 | Orc:2    | Found a flickering gateway to a bazaar.
 29311 | Orc:2    | Found a labyrinth entrance.
 29315 | Bazaar   | Entered a bazaar
 29329 | Bazaar   | Found Voozxonere's Antique Weapon Shoppe.
 29329 | Bazaar   | Found Ekhal's Gadget Emporium.
 29351 | Bazaar   | Found Dudeon's Distillery.
 29362 | Bazaar   | Bought a potion of heal wounds for 60 gold pieces
 29373 | Bazaar   | Found Gaduer's Weapon Shoppe.
 29435 | Bazaar   | Bought a bloodstained hand crossbow for 221 gold pieces
 29456 | Bazaar   | Bought a potion of haste for 120 gold pieces
 29470 | Bazaar   | Bought 2 throwing nets for 72 gold pieces
 29527 | Orc:2    | Reached ****** piety under Zin
 29613 | Orc:2    | Found a staircase to the Elven Halls.
 30130 | Orc:2    | Identified the cursed +3 hand crossbow "Tunnitez" {elec, rF+} (You bought it in a shop in a bazaar)
 30304 | Orc:2    | Found Fucacok's General Store.
 30361 | Orc:2    | Zin protects you from harm!
 31350 | Orc:2    | Found a roughly hewn altar of Beogh.
 31358 | Orc:2    | Found Iliogrupua's General Store.
 31461 | Orc:2    | Zin protects you from harm!
 31653 | Orc:1    | HP: 1/97 [orc priest/divine providence (14)]
 32112 | Orc:2    | Found Viudoamy's Food Boutique.
 32112 | Orc:2    | Found Zetoc's Jewellery Emporium.
 32157 | Orc:2    | Bought a scroll of identify for 24 gold pieces
 32588 | Spider:1 | Entered Level 1 of the Spider Nest
 32609 | Spider:1 | Noticed an emperor scorpion
 32662 | Spider:1 | Killed an emperor scorpion
 32662 | Spider:1 | Reached XP level 16. HP: 44/104 MP: 28/28
 33106 | Spider:1 | Reached skill level 5 in Air Magic
 33366 | Spider:1 | HP: 2/104 [wolf spider (13)]
 34422 | Spider:1 | Reached skill level 1 in Crossbows
 34607 | Spider:1 | Got a jewelled flail
 34608 | Spider:1 | Identified the cursed +0 flail of Qedasaik {venom, *Corrode rElec MR+} (You found it on level 1 of the Spider Nest)
 36014 | Spider:2 | HP: 5/104 [hornet (18)]
 36014 | Spider:2 | Mangled by a tarantella

Skill      XL: |  1  2  3  4  5  6  7  8  9 10 11 12 13 14 15 16 |
---------------+-------------------------------------------------+-----
Armour         | 4 5 6 7 9 10 11 12 13 | 13.4
Fighting       | 4 5 6 7 8 9 10 11 12 13 | 13.3
Shields        | 4 5 6 7 8 9 10 11 12 13 | 13.4
Maces & Flails | 3 4 5 6 7 8 9 |  9.0
Spellcasting   | 1 2 4 5 6 7 8 |  8.0
Invocations    | 2 4 6 7 8 9 10 11 12 | 12.0
Charms         | 2 4 5 7 8 |  8.9
Air Magic      | 2 3 4 5 |  5.3
Crossbows      | 1 |  1.9

Action                   |  1- 3 |  4- 6 |  7- 9 | 10-12 | 13-15 | 16-18 || total
-------------------------+-------+-------+-------+-------+-------+-------++-------
Melee: Flail             |   145 |   260 |   537 |  1032 |       |       ||  1974
       Morningstar       |       |       |       |   375 |  2475 |   308 ||  3158
 Fire: Hand crossbow     |       |       |       |       |       |    18 ||    18
Throw: Throwing net      |       |       |       |       |     1 |       ||     1
Invok: Recite            |       |       |     1 |     4 |       |       ||     5
       Sanctuary         |       |       |       |       |     1 |       ||     1
 Abil: Fly               |       |       |       |       |     1 |       ||     1
Evoke: Wand              |       |     3 |     1 |    26 |    11 |     1 ||    42
  Use: Potion            |       |     1 |       |       |    10 |     1 ||    12
       Scroll            |       |     5 |     7 |     8 |    19 |     2 ||    41
 Stab: Confused          |       |       |     1 |       |     1 |       ||     2
  Eat: Chunk             |     1 |     6 |    10 |    18 |    32 |     4 ||    71
       Beef jerky        |       |       |     1 |     1 |     1 |       ||     3
       Pizza             |       |       |     2 |     6 |       |       ||     8
       Meat ration       |       |       |       |     1 |     2 |     1 ||     4
       Fruit             |       |       |       |       |    16 |     4 ||    20
Armor: Scale mail        |    74 |   159 |   228 |   129 |       |       ||   590
       Skin              |       |       |     3 |       |       |       ||     3
       Plate armour      |       |       |       |   826 |  1825 |   357 ||  3008
Dodge: Dodged            |    52 |    79 |   105 |   289 |   817 |   224 ||  1566
Block: Shield            |    71 |   168 |   335 |  1183 |  2283 |   412 ||  4452
       Reflection        |       |     3 |     9 |    27 |    11 |       ||    50
